AoeStats
← Ken

Arena

506396376Analyzed
1v1 RM · 18d ago on Sep 13, 2026· 44m 13s· 2 players
Game mode
Random Map
Map size
Tiny (2 player)
Population
200
Speed
Normal
Resources
Standard
Victory
Conquest
Starting age
Dark Age
Ending age
Imperial Age
RankedLock teamsTeams togetherTeam positionsShared explorationLock speedFull tech treeHidden civsTurbo modeCheats
Victory
Defeat
🇵🇪 Poles · Peru
978
+15
🇨🇳 Franks · China
946
-15
Ken
10:30 Feudal Age
22:50 Double-Bit Axe
25:47 Castle Age
24:16 Loom
24:23 Fletching
24:42 Scale Barding Armor
25:05 Stone Mining
27:43 Fletching
38:52 Husbandry
darkmaku
6:51 Loom
8:54 Feudal Age
12:49 Wheelbarrow
13:29 Fletching
16:49 Horse Collar
22:30 Double-Bit Axe
25:01 Castle Age
23:29 Bloodlines
23:58 Forging
24:39 Scale Barding Armor
25:31 Light Cavalry
26:12 Husbandry
26:40 Heavy Plow
29:03 Iron Casting
28:57 Bodkin Arrow
29:40 Bow Saw
32:18 Hand Cart
32:25 Szlachta Privileges
33:15 Chain Barding Armor
38:04 Imperial Age
39:49 Chemistry
38:16 Cavalier
40:00 Blast Furnace
41:26 Bracer
41:14 Town Watch
42:05 Crop Rotation
43:58 Conscription
Connection lost

Rejoining the realm…

Still unreachable

The connection could not be restored.

Session expired

The server has moved on; the page needs a fresh start.